 Dungeon Crawl Stone Soup version 0.29-a0-495-g17b79114eb (webtiles) character file.

Game seed: 10462596974529512337

63 Hubjo the Firebug (level 3, 0/21 HPs)
             Began as a Deep Elf Fire Elementalist on May 27, 2022.
             Was a Believer of Jiyva.
             Slain by Crazy Yiuf
             ... wielding a +3 quarterstaff of chaos
              (10 damage)
             ... on level 2 of the Dungeon.
             The game lasted 00:01:49 (1881 turns).

Hubjo the Firebug (Deep Elf Fire Elementalist)      Turns: 1881, Time: 00:01:49

Health: 0/21       AC:  2    Str:  5    XL:     3   Next: 89%
Magic:  8/10       EV: 12    Int: 21    God:    Jiyva [**....]
Gold:   67         SH:  0    Dex: 15    Spells: 8/9 levels left

rFire   x . .      SeeInvis .   m - +3 short sword
rCold   + . .      Faith    .   (no shield)
rNeg    . . .      Spirit   .   a - +0 robe
rPois   .          Reflect  .   (no helmet)
rElec   .          Harm     .   (no cloak)
rCorr   +          Rampage  .   (no gloves)
Will    .....                   (no boots)
Stlth   ++........              (no amulet)
HPRegen 1.03/turn               n - ring of ice
MPRegen 0.42/turn               (no ring)

@: very slightly contaminated
A: no striking features
a: Renounce Religion


You were on level 2 of the Dungeon.
You worshipped Jiyva.
Jiyva was pleased with you.
You visited 1 branch of the dungeon, and saw 2 of its levels.

You collected 67 gold pieces.

Inventory:

Hand Weapons
 m - a +3 short sword (weapon)
Armour
 a - a +0 robe (worn)
Jewellery
 n - a ring of ice (left hand)
Scrolls
 e - 2 scrolls of identify {unknown}
 f - a scroll of immolation {unknown}
 h - a scroll of teleportation {unknown}
 l - a scroll of fog {unknown}
Potions
 b - a potion of magic
 c - a potion of curing {unknown}
 d - a potion of lignification {unknown}
 g - a potion of degeneration {unknown}
 i - a potion of haste {unknown}
 j - 2 potions of heal wounds {unknown}
 k - a potion of attraction {unknown}


   Skills:
 * Level 1.7 Fighting
 - Level 2.4 Dodging
 + Level 3.2 Stealth
 + Level 3.7 Spellcasting
 - Level 1.1 Conjurations
 + Level 3.7 Fire Magic


You had 8 spell levels left.
You knew the following spells:

 Your Spells              Type           Power      Damage    Failure   Level
a - Foxfire               Conj/Fire      56%        2x1d6     4%          1

Your spell library contained the following spells:

 Spells                   Type           Power      Damage    Failure   Level
 Scorch                   Fire           38%        2d7       4%          2
 Magic Dart               Conj           32%        1d4       8%          1
 Searing Ray              Conj           16%        2d5       12%         2
 Conjure Flame            Conj/Fire      14%        6-21      14%         3
 Inner Flame              Hex/Fire       11%        N/A       17%         3
 Flame Wave               Conj/Fire      14%        2d6       41%         4
 Fulminant Prism          Conj/Hex       3%         3d6       69%         4


Dungeon Overview and Level Annotations

Branches:
Dungeon (2/15)

Altars:
Jiyva

Shops:
D:2 [

Annotations:
D:2 Crazy Yiuf


Message History

You open the door.
You swap places.
Crazy Yiuf attacks as you move away!
Crazy Yiuf hits you with a +3 quarterstaff of chaos!
You are poisoned.
You feel very sick.
The jelly closely misses Crazy Yiuf.
Crazy Yiuf hits the jelly with a +3 quarterstaff of chaos!
Crazy Yiuf burns the jelly.
Crazy Yiuf is burned by acid!
You feel very sick.
The jelly hits Crazy Yiuf but does no damage.
Crazy Yiuf hits the jelly with a +3 quarterstaff of chaos!
Lightning courses through the jelly!
The jelly dies!
You feel sick.
You feel sick.
You feel sick.
You feel sick.
Crazy Yiuf is nearby!
You feel sick.
You are too injured to fight recklessly!
You are too injured to fight recklessly!
You are too injured to fight recklessly!
Casting: Foxfire (safe; 4% risk of failure)
Confirm with . or Enter, or press ? or * to list all spells.
You conjure some foxfire!
You feel sick.
Casting: Foxfire (safe; 4% risk of failure)
Confirm with . or Enter, or press ? or * to list all spells.
You miscast Foxfire.
You are very lightly contaminated with residual magic.
Nothing appears to happen.
You feel sick.
You are no longer poisoned.
The foxfire hits Crazy Yiuf.
Crazy Yiuf is lightly wounded.
The foxfire hits Crazy Yiuf but does no damage.
Crazy Yiuf is lightly wounded.
Crazy Yiuf grits, "Aardvark head aubergine!"
Casting: Foxfire (safe; 4% risk of failure)
Confirm with . or Enter, or press ? or * to list all spells.
You conjure some foxfire!
Crazy Yiuf hits you with a +3 quarterstaff of chaos!
You die...

#.....# #'#
#..#.......
#.....# ♣♣g♣
#..........
#####.....# ♣.♣♣
#.....#####
..........# ♣♣.♣
#.....#
..........# ♣.♣♣
#.#...#
..........#
♣♣.♣♣ #.#...#
###########
♣..P♣♣ #.#...#
♣.gvP♣ #.#...#
#§@v.# #.#...#
#.§..####.##..##
##...#....##...#
##.##....##...#
#....J.....>.#
####.....##.##
#.....##.#
#####.##.#
#...##.#


You could see Crazy Yiuf (ally target).

Vanquished Creatures
  Terence (D:2)
  2 adders (D:2)
  A dart slug (D:1)
  A giant cockroach (D:2)
  A goblin (D:2)
  2 hobgoblins (D:1)
  2 kobolds
  A quokka (D:1)
  A ball python (D:1)
  2 bats
  3 frilled lizards (D:1)
  2 rats (D:2)
19 creatures vanquished.

Vanquished Creatures (others)
  A jelly (D:2)
  A worm (D:2)
  2 endoplasms (D:2)
  A kobold (D:2)
  175 foxfires
  A fungus (D:2)
181 creatures vanquished.

Grand Total: 200 creatures vanquished

Notes
Turn   | Place    | Note
-------+----------+-------------------------------------------
     0 | D:1      | Hubjo the Deep Elf Fire Elementalist began the quest for
                  | the Orb.
     0 | D:1      | Reached XP level 1. HP: 10/10 MP: 6/6
   709 | D:1      | Reached XP level 2. HP: 16/16 MP: 0/8
  1113 | D:1      | Found a faded altar of an unknown god.
  1150 | D:1      | Prayed at the altar of an unknown god.
  1150 | D:1      | Became a worshipper of Jiyva Jeizid the Shapeless
  1150 | D:1      | Reached * piety under Jiyva
  1295 | D:2      | Reached skill level 1 in Fighting
  1320 | D:2      | Found Gotrabb's Antique Armour Emporium.
  1388 | D:2      | Reached XP level 3. HP: 20/20 MP: 6/10
  1457 | D:2      | Noticed Terence
  1466 | D:2      | Killed Terence
  1828 | D:2      | Reached ** piety under Jiyva
  1860 | D:2      | Found a runed translucent door.
  1868 | D:2      | Noticed Crazy Yiuf
  1881 | D:2      | Slain by Crazy Yiuf

Illustrated notes

Levels and vault maps discovered:
D:1:      heliophobic_arrival_henge, layout_basic,
          ebering_ecumenical_altar_webs, hangedman_decor_lopped
D:2:      layout_basic, serial_shops, nicolae_shop_crystal,
          minmay_misc_feat_enclosed, uniq_crazy_yiuf_cottage, uniq_terence

Skill      XL: |  1  2 |
---------------+-------+-----
Fighting       | 1 |  1.7
Stealth        | 3 |  3.2
Dodging        | |  2.4
Spellcasting   | |  3.7
Conjurations   | |  1.1
Fire Magic     | |  3.7

Action                   || total
-------------------------++-------
Melee: Short sword       ||     2
 Cast: Foxfire           ||   116
Dodge: Dodged            ||     2

Table legend: (Time is in decaauts)
 A = Elapsed time spent in this place.
 B = Non-inter-level travel time spent in this place.
 C = Inter-level travel time spent in this place.
 D = Time resting spent in this place.
 E = Time spent auto-exploring this place.
 F = Levels seen in this place.
 G = Mean time per level.
                   A        B        C        D        E       F      G
               +--------+--------+--------+--------+--------+-----+--------+
         Total |   1880 |   1857 |     23 |      0 |   1645 |   2 |  940.0 |
       Dungeon |   1880 |   1857 |     23 |      0 |   1645 |   2 |  940.0 |
               +--------+--------+--------+--------+--------+-----+--------+

Top non-repeatable levels by time:
     D:1: 1204 daAuts
     D:2: 675 daAuts
